 Dungeon Crawl Stone Soup version 0.16-a0-787-g31dbbe7 (webtiles) character file.

62 Kashira the Grave Robber (level 3, 12/14 HPs)
             Began as a Felid Necromancer on Sept 27, 2014.
             Quit the game on Level 2 of the Dungeon.
             The game lasted 00:06:27 (3491 turns).

Kashira the Grave Robber (Felid Necromancer)        Turns: 3491, Time: 00:06:27

HP  12/14        AC  1     Str  5      XL: 3   Next: 85%
MP   7/8         EV 18     Int 16      God:
Gold 137         SH  0     Dex 16      Spells:  3 memorised,  2 levels left
Lives: 0, deaths: 0

rFire  . . .     SeeInvis +     (weapon unavailable)
rCold  . . .     Clarity  .     (armour unavailable)
rNeg   . . .     rCorr    .     (shield unavailable)
rPois  .         rRot     .     (helmet unavailable)
rElec  .         Spirit   .     (cloak unavailable)
SustAb .         Warding  .     (gloves unavailable)
rMut   .         Stasis   .     (boots unavailable)
Gourm  .                        (no amulet)
MR     .....                    (no ring)
                                e - ring of teleport control

@: quick, not resistant to hostile enchantments, fairly stealthy
A: paw claws, no armour, no weapons or thrown items, fangs 3, see invisible,
carnivore 3, speed 1, shaggy fur 1, slow metabolism 1, jump 1
a: Jump Attack, Evoke Teleport Control


You were on level 2 of the Dungeon.
You were not hungry.

You visited 1 branch of the dungeon, and saw 2 of its levels.

You collected 137 gold pieces.

Inventory:

Comestibles
 c - a meat ration
 g - 2 beef jerkies
 k - a slice of pizza
Scrolls
 a - 6 scrolls of identify {unknown}
 d - 2 scrolls of teleportation {unknown}
 j - a scroll of recharging {unknown}
 m - a scroll of fear {unknown}
 n - a scroll of fog {unknown}
 o - a scroll of remove curse {unknown}
Jewellery
 e - a ring of teleport control (left paw)
Potions
 f - 2 potions of curing {unknown}
 h - a potion of lignification {unknown}
 l - 2 potions of cancellation {unknown}
Books
 b - a book of Necromancy

   Spells                             Type                      Level
   *Pain                              Necromancy                   1
   *Animate Skeleton                  Necromancy                   1
   *Vampiric Draining                 Necromancy                   3
   Regeneration                       Charms/Necromancy            3
   Animate Dead                       Necromancy                   4
   Control Undead                     Necromancy                   4
 i - a book of Burglary

   Spells                             Type                      Level
   Swiftness                          Charms/Air                   2
   Passwall                           Transmutation/Earth          3
   Passage of Golubria                Translocation                4
   Lee's Rapid Deconstruction         Earth                        5
   Invisibility                       Hexes                        6
   Darkness                           Hexes                        7


   Skills:
 - Level 2.6 Dodging
 - Level 2.6 Stealth
 + Level 2.6 Spellcasting
 * Level 5.1 Necromancy


You had 2 spell levels left.
You knew the following spells:

 Your Spells              Type           Power        Failure   Level  Hunger
a - Pain                  Necr           ###.         2%          1    #......
b - Animate Skeleton      Necr           N/A          2%          1    #......
c - Vampiric Draining     Necr           ###.......   10%         3    ###....


Dungeon Overview and Level Annotations

Branches:
Dungeon (2/15)

Altars:
Dithmenos


Innate Abilities, Weirdness & Mutations

You cannot wear armour.
You are incapable of wielding weapons or throwing items.
Your paws have sharp claws.
You have razor-sharp teeth.
You have supernaturally acute eyesight.
You are carnivorous and can eat meat at any time.
You cover ground quickly.
You are covered in fur (AC +1).
You have a slow metabolism.
You can jump attack at a short distance.


Message History

Casting: Pain
Confirm with . or Enter, or press ? or * to list all spells.
You can't see any susceptible monsters within range! (Use Z to cast anyway.)
Casting: Pain
Confirm with . or Enter, or press ? or * to list all spells.
Aiming: Pain
Press: ? - help, Shift-Dir - straight line, f - goblin
Aim: a goblin The goblin convulses in agony!
Casting: Pain
Confirm with . or Enter, or press ? or * to list all spells.
Aiming: Pain
Press: ? - help, Shift-Dir - straight line, f/p - goblin
Aim: a goblin (severely wounded)
The goblin convulses in agony!
You kill the goblin!
You now have 137 gold pieces (gained 11).
i - a book of Burglary
Okay, then.
Are you sure you want to abandon this character and quit the game? (Confirm with "yes".)

##............
##########......
#..# ##..<#####
##..## ...###
##....##.##
#........#
#.......##########
#..%...Z.Z.Z......
#@.....###########
##....## ##..##
#..# ####


You could see a friendly giant gecko skeleton and a friendly kobold skeleton.

Vanquished Creatures
  3 giant geckos
  10 bats (D:1)
  A giant cockroach (D:1)
  7 goblins
  5 hobgoblins
  A quokka (D:2)
  A giant newt (D:1)
  9 kobolds
  2 rats (D:1)
39 creatures vanquished.

Vanquished Creatures (collateral kills)
  An adder (D:2)
  A goblin (D:2)
  A hobgoblin (D:1)
3 creatures vanquished.

Grand Total: 42 creatures vanquished

Notes
Turn   | Place    | Note
--------------------------------------------------------------
     0 | D:1      | Kashira, the Felid Necromancer, began the quest for the Orb.
     0 | D:1      | Reached XP level 1. HP: 7/7 MP: 4/4
    32 | D:1      | Learned a level 1 spell: Animate Skeleton
   640 | D:1      | Reached XP level 2. HP: 7/11 MP: 1/5
  1923 | D:1      | Reached XP level 3. HP: 12/14 MP: 4/8
  2734 | D:2      | Learned a level 3 spell: Vampiric Draining
  2892 | D:2      | Reached skill level 5 in Necromancy
  3168 | D:2      | Found a shadowy altar of Dithmenos.
  3491 | D:2      | Quit the game

Action                   || total
-------------------------++-------
Melee: Unarmed           ||     1
 Cast: Pain              ||    70
       Animate Skeleton  ||    13
       Vampiric Draining ||     4
  Eat: Chunk             ||     7
